 Dungeon Crawl Stone Soup version 0.31.0-11-ge490571c62 (webtiles) character file.

Game seed: 12724298341532867927

5147 sanka the Grappler (level 10, -4/104 HPs)
             Began as a Troll Monk on Jan 26, 2024.
             Was a High Priest of the Shining One.
             Slain by an orc warrior
             ... wielding a +0 glaive
              (16 damage)
             ... on level 9 of the Dungeon.
             The game lasted 00:14:28 (7226 turns).

sanka the Grappler (Troll Monk)                     Turns: 7226, Time: 00:14:28

Health: -4/104     AC:  4    Str: 21    XL:     10   Next: 33%
Magic:  9/9        EV: 11    Int:  6    God:    the Shining One [*****.]
Gold:   575        SH:  5    Dex: 22    Spells: 9/9 levels left

rFire   + .          .
                       - Unarmed
rCold   . . .        (no shield)
rNeg    + + .        a - +0 robe
rPois   .            (helmet currently unavailable)
rElec   .            v - melded +0 cloak
rCorr   .            (gloves unavailable)
SInv    .            (boots unavailable)
Will    .....        u - amulet of reflection
Stlth   +            d - ring of protection from fire
HPRegen 1.17/turn    r - +6 ring of dexterity
MPRegen 0.11/turn

%: reflection
@: beast-form, glowing
A: beast (slay +4), large, unfitting armour, claws 3, regeneration 1, shaggy fur
1, tough skin 1
a: Begin Untransformation, Renounce Religion, Divine Shield, Cleansing Flame,
Summon Divine Warrior


You were on level 9 of the Dungeon.
You worshipped the Shining One.
The Shining One was extremely pleased with you.
You were a hulking beast.
You visited 2 branches of the dungeon, and saw 10 of its levels.
You also visited: Ossuary.

You collected 575 gold pieces.


Innate Abilities, Weirdness & Mutations

You are a hulking beast.
Your limbs bulge with bestial killing power. (Slay +4)
You are too large for most types of armour.
You have claws for hands.
Your natural rate of healing is unusually fast.
You are covered in fur. (AC +1)
You have tough skin. (AC +1)


   Skills:
 - Level 8.0 Fighting
 - Level 2.4 Dodging
 + Level 10.3 Unarmed Combat
 - Level 7.0 Shapeshifting


You had 9 spell levels left.
You didn't know any spells.
Your spell library contained the following spells:

 Spells                   Type           Power      Damage    Failure   Level
 Magic Dart               Conj           0%         1d3       45%         1
 Shock                    Conj/Air       0%         1d3       45%         1
 Blink                    Tloc           0%         N/A       58%         2
 Call Imp                 Summ           0%         N/A       58%         2
 Swiftness                Air            0%         N/A       83%         3
 Airstrike                Air            0%         2d(0-16)  99%         4
 Summon Forest            Summ/Tloc      0%         N/A       100%        5
 Summon Mana Viper        Hex/Summ       0%         N/A       100%        5
 Summon Cactus Giant      Summ           0%         N/A       100%        6

Inventory:

Missiles
 y - 3 throwing nets {=f}
Armour
 a - a +0 robe (worn)
 c - an orb of light
 v - a +0 cloak (melded)
Jewellery
 d - a ring of protection from fire (left claw)
 h - a ring of magical power
 r - a +6 ring of dexterity (right claw)
 u - an amulet of reflection (around neck)
 I - a ring of resist corrosion
Talismans
 x - a beast talisman (active)
 B - a maw talisman
 D - a serpent talisman
Wands
 s - a wand of flame (46)
 A - a wand of polymorph (13)
 C - a wand of mindburst (9)
Scrolls
 e - a scroll of identify {@r1}
 f - 4 scrolls of vulnerability {!r}
 g - 3 scrolls of enchant armour
 i - a scroll of butterflies
 j - 7 scrolls of teleportation {@r4}
 l - 5 scrolls of poison {!r}
 o - 3 scrolls of blinking
 q - 5 scrolls of immolation {!r}
 E - a scroll of fear
 H - 2 scrolls of brand weapon
Potions
 b - 2 potions of ambrosia
 k - 3 potions of haste {unknown}
 m - 2 potions of heal wounds {unknown}
 n - a potion of cancellation {unknown}
 p - 2 potions of enlightenment {unknown}
 t - a potion of might {unknown}
 w - 2 potions of curing {unknown}
 z - a potion of brilliance {unknown}
 F - 2 potions of lignification {unknown}
 G - a potion of berserk rage {unknown}

Dungeon Overview and Level Annotations

Branches:
Dungeon (9/15)             Temple (1/1) D:5         Ossuary (visited)
   Lair: D:8-11         Orc: D:9-12

Altars:
Ashenzari
Cheibriados
Elyvilon
Fedhas
Gozag
Hepliaklqana
Kikubaaqudgha
Makhleb
Nemelex Xobeh
Okawaru
Qazlal
Ru
Sif Muna
Trog
Uskayaw
Vehumet
Wu Jian
Xom
Yredelemnul
Zin
The Shining One

Shops:
D:1 [ D:4

= ▒▒.......▒ ▒.......▒
▒....▒▒. ........▒▒▒....▒▒.▒▒
▒....▒▒.
........▒▒▒.▒▒▒▒.)▒▒▒▒.......
...........▒ ▒▒).▒....▒....
▒▒▒▒▒▒.....▒▒..▒▒ ▒...).▒..▒
▒.. ...._▒.....▒▒▒.▒▒
▒..▒▒..▒▒.▒▒ ▒. .....)$)).▒
▒▒.▒▒..▒ ▒..▒▒..▒▒▒.
.....▒))$)▒ ▒▒.o...▒
▒▒.▒...▒..▒
.....▒.▒▒)▒▒▒..▒h..▒▒
▒........▒▒
.....▒▒▒▒▒$...▒▒....▒
▒.......▒▒ ▒▒▒▒▒
▒▒....▒..............▒
▒.▒▒................▒▒ ▒.
▒▒▒..▒............ ..
▒..........▒▒▒▒. ..▒
▒..$...▒▒.. .... ...
▒.▒...▒▒▒. ▒. ▒▒▒▒ .. ..▒▒ ▒▒


You could see an orc warrior.


Message History

The orc warrior hits you with a +0 glaive!!
* * * LOW HITPOINT WARNING * * *
Items here: )))) [[ †.
Unknown command.
You block the orc warrior's attack.
Items here: ))))))) [[ †††.
Things that are here:
a +0 trident; a +0 ring mail Unknown command.
The orc attacks as it pursues you! The orc barely misses you.
Things that are here:
14 gold pieces; a +0 hand axe The orc warrior grunts repeatedly, as Orcs often do.
Things that are here:
a +0 dagger; an orc corpse The orc attacks as it pursues you!
The orc hits you but does no damage.
Things that are here:
11 gold pieces; a +0 shortbow The orc warrior attacks as it pursues you!
The orc warrior misses you.
You mangle the orc!!
You kill the orc!
The orc warrior hits you with a +0 glaive!
* * * LOW HITPOINT WARNING * * *
You scratch the orc warrior.
The orc warrior is lightly wounded.
The orc warrior hits you with a +0 glaive!
You die...

Action                     |  1- 3 |  4- 6 |  7- 9 | 10-12 || total
---------------------------+-------+-------+-------+-------++-------
  Melee: Unarmed           |    96 |    98 |   365 |   109 ||   668
         Punch             |       |       |     6 |     7 ||    13
  Evoke: Wand              |       |       |       |     5 ||     5
    Use: Scroll            |       |       |     9 |     1 ||    10
   Stab: Sleeping          |       |     1 |       |       ||     1
 Armour: Robe              |    53 |    54 |   209 |    70 ||   386
  Dodge: Dodged            |    48 |    39 |   164 |    51 ||   302
  Block: Other             |       |       |    13 |    18 ||    31
         Reflection        |       |       |       |     2 ||     2
   Form: Beast             |       |       |       |     1 ||     1

Levels and vault maps discovered:
D:1:      dpeg_cavernosity, layout_basic, serial_shops, shop,
          hellmonk_ecumenical_altar_defaced_shrine,
          corexii_item_surrounded_by_moat, hangedman_decor_riveting,
          due_unseen_surprise
D:2:      layout_basic, uniq_crazy_yiuf_cottage, uniq_sigmund, uniq_robin
D:3:      layout_loops_cross, uniq_jessica
D:4:      layout_loops_ring, serial_shops, shop
D:5:      layout_loops_ring, minmay_temple_entry_wispy, nrook_uturn,
          nicolae_goblin_pals
D:6:      layout_loops_ring, okawaru_metal_pillars_1_2,
          mainiacjoe_overflow_catwalk, minmay_chambers_of_fives
D:7:      layout_cave_pods, lemuel_tele_altar, minitemple, enter_ossuary_4
D:8:      layout_loops_ring, fedhas_bush_and_centaur_altar, abandoned_shop
D:9:      kennysheep_steamy, layout_layer_cave, special_room [special_room_orc],
          chequers_big_river
Temple:   hellmonk_temple_two_chambers

Notes
Turn   | Place    | Note
-------+----------+-------------------------------------------
     0 | D:1      | sanka the Troll Monk began the quest for the Orb.
     0 | D:1      | Reached XP level 1. HP: 22/22 MP: 0/0
   215 | D:1      | Reached XP level 2. HP: 29/29 MP: 1/1
   237 | D:1      | Found Ewkarahu's Armour Emporium.
   350 | D:1      | Found a faded altar of an unknown god.
   576 | D:1      | Reached skill level 3 in Fighting
   767 | D:1      | Reached XP level 3. HP: 37/37 MP: 2/2
  1062 | D:2      | Reached skill level 4 in Unarmed Combat
  1255 | D:2      | Noticed Robin
  1263 | D:2      | Reached XP level 4. HP: 45/45 MP: 3/3
  1272 | D:2      | Killed Robin
  1490 | D:2      | Noticed Sigmund
  1511 | D:2      | Killed Sigmund
  1512 | D:2      | Reached skill level 6 in Unarmed Combat
  1512 | D:2      | Reached XP level 5. HP: 43/53 MP: 4/4
  1815 | D:2      | Found a runed translucent door.
  1816 | D:2      | Noticed Crazy Yiuf
  1825 | D:2      | Killed Crazy Yiuf
  1826 | D:2      | Reached XP level 6. HP: 57/61 MP: 5/5
  2155 | D:3      | Reached skill level 7 in Unarmed Combat
  2186 | D:3      | Noticed Jessica
  2193 | D:3      | Killed Jessica
  2595 | D:4      | Reached XP level 7. HP: 64/67 MP: 6/6
  2659 | D:4      | Reached skill level 8 in Unarmed Combat
  2882 | D:5      | Entered Level 5 of the Dungeon
  2882 | D:5      | Found a staircase to the Ecumenical Temple.
  2891 | Temple   | Entered the Ecumenical Temple
  2895 | Temple   | Became a worshipper of the Shining One
  2895 | Temple   | Reached * piety under the Shining One
  2895 | Temple   | Reached ** piety under the Shining One
  3095 | D:5      | Reached skill level 9 in Unarmed Combat
  3127 | D:5      | Reached XP level 8. HP: 16/75 MP: 7/7
  3209 | D:5      | Noticed Ijyb
  3234 | D:5      | Killed Ijyb
  3281 | D:5      | Reached skill level 10 in Unarmed Combat
  3751 | D:6      | Reached skill level 4 in Fighting
  3751 | D:6      | Reached skill level 1 in Shapeshifting
  3805 | D:6      | Reached skill level 2 in Shapeshifting
  3829 | D:6      | Reached skill level 3 in Shapeshifting
  3958 | D:6      | Reached skill level 5 in Fighting
  3976 | D:6      | Reached *** piety under the Shining One
  4092 | D:6      | Reached XP level 9. HP: 69/88 MP: 8/8
  4147 | D:6      | Reached skill level 4 in Shapeshifting
  4254 | D:6      | Found an iron altar of Okawaru.
  4307 | D:6      | Found a white marble altar of Elyvilon.
  4462 | D:6      | Reached skill level 6 in Fighting
  4677 | D:4      | Reached skill level 5 in Shapeshifting
  4891 | D:4      | Found Hueq's Jewellery Boutique.
  5294 | D:7      | Found a basalt altar of Yredelemnul.
  5297 | D:7      | Found a sacrificial altar of Ru.
  5470 | D:7      | Reached skill level 6 in Shapeshifting
  5492 | D:7      | Found a sand-covered staircase.
  5502 | Ossuary  | Entered an ossuary
  5508 | Ossuary  | Reached **** piety under the Shining One
  5566 | Ossuary  | Reached ***** piety under the Shining One
  5626 | Ossuary  | Reached skill level 7 in Fighting
  5833 | D:7      | Found a hide-covered altar of Uskayaw.
  6285 | D:8      | Reached XP level 10. HP: 97/102 MP: 9/9
  6601 | D:8      | Found a blossoming altar of Fedhas.
  6757 | D:8      | Reached skill level 7 in Shapeshifting
  7168 | D:9      | Reached skill level 8 in Fighting
  7211 | D:9      | HP: 6/104 [orc warrior/+0 glaive (21)]
  7226 | D:9      | Slain by an orc warrior

Vanquished Creatures
  Sigmund (D:2)
  A water moccasin (D:5)
  3 ice beasts
  2 black bears (D:6)
  7 orc warriors
  A sky beast (D:8)
  2 ogres
  4 centaurs
  3 phantoms
  5 bullfrogs
  An elf zombie (Ossuary)
  2 scorpions
  3 wights (D:6)
  6 killer bees
  2 electric eels (D:9)
  3 howler monkeys (D:7)
  3 bombardier beetles
  3 centaur zombies (Ossuary)
  A gnoll bouda (D:5)
  6 hounds
  A jelly (D:6)
  4 human zombies (Ossuary)
  13 orc priests
  Crazy Yiuf (D:2)
  Jessica (D:3)
  6 iguanas
  A sleepcap (D:7)
  Ijyb (D:5)
  8 orc wizards
  3 hound zombies (Ossuary)
  2 mummies (Ossuary)
  Robin (D:2)
  11 gnolls
  3 adders
  A shadow imp (D:7)
  2 ufetubi (D:6)
  6 adder zombies (Ossuary)
  3 ribbon worms
  A dart slug (D:2)
  60 orcs
  9 endoplasms
  3 giant cockroaches (D:1)
  20 goblins
  17 hobgoblins
  7 jackals
  9 kobolds
  5 quokkas
  8 ball pythons
  6 bats
  A frilled lizard (D:1)
  3 gnoll zombies (Ossuary)
  3 jackal zombies (Ossuary)
  5 kobold zombies (Ossuary)
  8 orc zombies (Ossuary)
  A quokka zombie (D:7)
  4 rats
  A rat zombie (D:7)
298 creatures vanquished.
